Map: King's Cove LE

Players

EdVaK

  • Race: Zerg Zerg
  • League: Platinum
  • Spawn Location: 5:00

Syngularity - Winner!

  • Race: Zerg Zerg
  • League: Platinum
  • Spawn Location: 11:00

VOD

Have the link to the VOD?

Description

Time

  • Played on: Feb. 2, 2019, 7:06 p.m.
  • Length: 10:23
Show
View Real Time Build Order
Export as new Build Order

EdVaK Zerg 

Build Orders: Hatch First 

Get SALT Encoding   

  12  0:03  Drone  
  13  0:19  Overlord  
  13  0:21  Drone  
  14  0:25  Extractor, Drone  
  15  0:37  Drone  
  16  0:45  Drone  
  17  0:57  Hatchery  
  16  1:04  Drone x2  
  18  1:19  Spawning Pool  
  18  1:25  Extractor, Drone x2  
  18  1:42  Drone  
  19  1:49  Overlord  
  19  2:00  Drone  
  20  2:06  Queen  
  22  2:09  Queen  
  22  2:11  Zergling x2  
  22  2:14  Zergling x2  
  26  2:22  Zergling x2  
  27  2:27  Metabolic Boost  
  27  2:36  Drone x2  
  29  2:44  Drone x2  
  29  2:45  Drone  
  32  2:52  Drone  
  32  2:53  Drone  
  34  3:01  Drone  
  35  3:05  Baneling Nest  
  35  3:07  Drone  
  35  3:14  Overlord  
  35  3:28  Zergling x2  
  35  3:30  Overlord  
  35  3:31  Queen  
  35  3:33  Zergling x10  
  43  3:40  Drone  
  44  3:51  Zergling x2  
  44  3:52  Zergling x2  
  46  4:00  Drone x3  
  46  4:01  Queen  
  46  4:02  Overlord  
  51  4:08  Extractor  
  50  4:21  Zergling x2  
  50  4:22  Zergling x10  
  50  4:24  Baneling x5  
  56  4:44  Zergling x4  
  56  4:45  Zergling x4  
  56  4:59  Zergling x2  
  55  5:00  Zergling x10  
  55  5:03  Baneling x2  
  55  5:04  Overlord x2  
  57  5:23  Zergling x6  
  57  5:24  Zergling x2  
  51  5:51  Baneling x2  
  51  5:52  Baneling x3  
  51  5:55  Lair  
  51  5:56  Roach Warren  
  50  5:59  Zergling x14  
  52  6:28  Overlord x2  
  52  6:29  Overlord  
  52  6:43  Extractor  
  51  6:58  Roach x6  
  63  7:02  Roach x3  
  63  7:03  Roach x3  
  75  7:13  Extractor  
  74  7:29  Hatchery  
  73  7:32  Roach x5  
  73  7:33  Roach x5  
  93  7:49  Roach x3  
  99  7:55  Overlord  
  99  7:56  Overlord  
  99  7:59  Overlord x3  
  99  8:08  Overseer, Pneumatized Carapace  
  99  8:33  Baneling x4  
  99  8:34  Baneling x3, Overlord x2  
  99  8:35  Overlord  
  60  9:04  Roach  
  60  9:05  Roach x8  
  66  9:23  Roach  
  66  9:24  Roach x2  
  72  9:30  Drone  
  74  9:31  Roach  
  74  9:44  Roach x2  
Show
View Real Time Build Order
Export as new Build Order

Syngularity Zerg - Winner!

Build Orders: Hatch First 

Get SALT Encoding   

  12  0:01  Drone  
  13  0:13  Overlord  
  13  0:18  Drone  
  14  0:31  Drone x2  
  16  0:52  Hatchery  
  16  0:54  Drone  
  16  0:57  Drone  
  16  1:03  Drone  
  18  1:08  Extractor  
  17  1:18  Spawning Pool  
  16  1:21  Drone  
  18  1:25  Drone  
  19  1:32  Drone  
  19  1:39  Overlord  
  19  2:06  Queen  
  19  2:07  Queen  
  23  2:08  Zergling x4  
  23  2:13  Metabolic Boost  
  25  2:22  Drone x3  
  28  2:38  Drone  
  28  2:39  Baneling Nest  
  28  2:42  Drone x3  
  31  2:58  Drone x4  
  35  3:05  Overlord  
  35  3:17  Hatchery  
  34  3:25  Drone x2  
  34  3:26  Overlord  
  36  3:29  Overlord  
  36  3:44  Drone x7  
  43  3:53  Overlord  
  43  3:54  Overlord  
  43  4:01  Roach Warren  
  43  4:02  Extractor  
  41  4:04  Drone  
  41  4:08  Zergling x6  
  45  4:14  Drone x4  
  49  4:17  Extractor  
  49  4:19  Extractor  
  49  4:23  Zergling x2  
  48  4:29  Spine Crawler  
  47  4:32  Zergling x6  
  47  4:33  Zergling x6  
  47  4:36  Queen  
  54  4:48  Roach  
  54  4:49  Roach x4  
  48  5:02  Roach x4  
  56  5:21  Roach  
  56  5:22  Roach x6  
  64  5:42  Roach x4  
  74  5:45  Overlord  
  74  5:46  Overlord x2  
  72  5:53  Overlord x2  
  72  6:07  Lair  
  72  6:10  Drone x3  
  75  6:13  Drone  
  76  6:24  Roach  
  76  6:25  Roach x3  
  84  6:26  Roach x2  
  88  6:47  Hatchery  
  88  6:53  Drone x2  
  90  6:54  Drone  
  90  6:55  Hatchery  
  90  7:00  Roach  
  90  7:01  Roach  
  93  7:23  Drone x4  
  93  7:24  Overlord  
  93  7:25  Overlord x2  
  93  7:29  Glial Reconstitution  
  97  7:45  Overlord, Drone x4  
  97  7:46  Overlord  
  101  7:59  Roach  
  101  8:00  Roach x6  
  101  8:02  Roach  
  117  8:07  Queen  
  117  8:12  Queen  
  121  8:28  Roach  
  121  8:29  Roach x5  
  125  9:02  Zergling x10, Roach x5  
  120  9:03  Zergling x6, Roach x2  
  118  9:27  Drone  
  118  9:28  Drone x4  
  123  9:35  Roach x2  
  123  9:36  Zergling x4, Roach x5  
  140  9:38  Zergling x2  
Tags
 
Add a new tag
Caveats
  • Supply blocks, unpowered buildings, or Contaminate may cause inaccurate times.
  • Supply counts are checked every 10 seconds.